 Dungeon Crawl Stone Soup version 0.30-a0-313-gae38170b09 (webtiles) character file.

Game seed: 12989559245698211287

35 McGhostyFace the Magician (level 3, -1/25 HPs)
             Began as a Gnoll Hedge Wizard on Oct 27, 2022.
             Slain by a gnoll
             ... wielding a +0 spear
              (5 damage)
             ... on level 2 of the Dungeon.
             The game lasted 00:01:23 (1228 turns).

McGhostyFace the Magician (Gnoll Hedge Wizard)      Turns: 1228, Time: 00:01:24

Health: -1/25      AC:  4    Str:  9    XL:     3   Next: 35%
Magic:  11/11      EV: 12    Int: 15    God:
Gold:   93         SH:  0    Dex: 11    Spells: 11/16 levels left

rFire   + . .      SeeInvis .    a - +0 dagger
rCold   . . .      Faith    .    (no shield)
rNeg    . . .      Spirit   .    n - +1 leather armour {rF+}
rPois   .          Reflect  .    c - +0 hat
rElec   .          Harm     .    e - scarf {shadows}
rCorr   .          Rampage  .    (no gloves)
Will    .....                    (no boots)
Stlth   ++........               (no amulet)
HPRegen 0.24/turn                (no ring)
MPRegen 0.12/turn                (no ring)

@: no status effects
A: fangs 1, strong nose, distributed training
a: no special abilities


You were on level 2 of the Dungeon.
You visited 1 branch of the dungeon, and saw 2 of its levels.

You collected 93 gold pieces.

Inventory:

Hand Weapons
 a - a +0 dagger (weapon)
Armour
 b - a +0 robe
 c - a +0 hat (worn)
 e - a scarf of shadows (worn)
 n - a +1 leather armour of fire resistance (worn)
Jewellery
 l - a ring of protection from cold
Scrolls
 f - 3 scrolls of identify {unknown}
 g - a scroll of amnesia {unknown}
 i - 3 scrolls of magic mapping {unknown}
 j - a scroll of summoning {unknown}
 k - a scroll of enchant weapon {unknown}
 m - a scroll of immolation {unknown}
Potions
 d - a potion of magic
 h - a potion of attraction {unknown}


   Skills:
 + Level 0.8 Fighting
 + Level 0.8 Short Blades
 + Level 0.8 Long Blades
 + Level 0.8 Axes
 + Level 0.8 Maces & Flails
 + Level 0.8 Polearms
 + Level 0.8 Staves
 + Level 0.8 Ranged Weapons
 + Level 0.8 Throwing
 + Level 0.8 Armour
 + Level 4.5 Dodging
 + Level 4.1 Stealth
 + Level 0.8 Shields
 + Level 0.8 Unarmed Combat
 + Level 7.1 Spellcasting
 + Level 2.1 Conjurations
 + Level 0.5 Hexes
 + Level 2.1 Summonings
 + Level 0.5 Necromancy
 + Level 2.1 Translocations
 + Level 0.5 Transmutations
 + Level 0.5 Fire Magic
 + Level 0.5 Ice Magic
 + Level 0.5 Air Magic
 + Level 0.5 Earth Magic
 + Level 0.5 Poison Magic
 + Level 1.0 Invocations
 + Level 0.8 Evocations


You had 11 spell levels left.
You knew the following spells:

 Your Spells              Type           Power      Damage    Failure   Level
a - Magic Dart            Conj           44%        1d5       8%          1
b - Blink                 Tloc           22%        N/A       11%         2
c - Call Imp              Summ           11%        N/A       11%         2

Your spell library contained the following spells:

 Spells                   Type           Power      Damage    Failure   Level
 Shock                    Conj/Air       36%        1d5       11%         1
 Slow                     Hex            28%        N/A       14%         1
 Cigotuvi's Dreadful Rot  Necr/Pois/Air  14%        N/A       22%         2
 Mephitic Cloud           Conj/Pois/Air  8%         N/A       34%         3
 Swiftness                Air            7%         N/A       38%         3
 Airstrike                Air            3%         2d(1-17)  80%         4


Dungeon Overview and Level Annotations

Branches:
Dungeon (2/15)

Altars:


Innate Abilities, Weirdness & Mutations

You have very sharp teeth.
Your uncanny sense of smell can sniff out nearby items.
Your experience applies equally to all skills.


Message History

You finish putting on your +1 leather armour of fire resistance.
You feel resistant to fire.
Memorise Blink, consuming 2 spell levels and leaving 13?
You start memorising the spell.
You continue memorising. x2
You finish memorising.
Spell assigned to 'b'.
Memorise Call Imp, consuming 2 spell levels and leaving 11?
You start memorising the spell.
You continue memorising. x2
You finish memorising.
Spell assigned to 'c'.
Okay, then.
Done exploring.
Done exploring.
Done exploring.
There is a large open door here.
There is an open door here.
There is a stone staircase leading down here.
You climb downwards.
There is a stone staircase leading up here.
There are monsters nearby!
The helpless gnoll fails to defend itself.
You puncture the gnoll!
The gnoll is severely wounded.
The gnoll shouts! x2
The gnoll hits you with a +0 whip of pain.
The gnoll closely misses you.
You hit the gnoll but do no damage.
The gnoll is severely wounded.
The gnoll barely misses you. The gnoll closely misses you.
You hit the gnoll.
You kill the gnoll!
Your Invocations skill increases to level 1!
The gnoll hits you from afar with a +0 halberd.
The gnoll closely misses you.
Things that are here:
a +0 whip of pain; a gnoll corpse You closely miss the gnoll.
Your bite misses the gnoll.
The gnoll hits you from afar with a +0 halberd!
* * * LOW HITPOINT WARNING * * *
The gnoll closely misses you. The gnoll attacks as you move away!
The gnoll hits you with a +0 spear.
You die... ######### #<@gg.... #########

You could see 2 gnolls.

Vanquished Creatures
  A gnoll (D:2)
  A ball python (D:1)
  A giant cockroach (D:1)
  2 hobgoblins (D:1)
  A jackal (D:1)
  A quokka (D:1)
  3 bats (D:1)
  6 frilled lizards (D:1)
  4 goblins (D:1)
  5 kobolds (D:1)
  A rat (D:1)
26 creatures vanquished.

Notes
Turn   | Place    | Note
-------+----------+-------------------------------------------
     0 | D:1      | McGhostyFace the Gnoll Hedge Wizard began the quest for the
                  | Orb.
     0 | D:1      | Reached XP level 1. HP: 13/13 MP: 8/8
   367 | D:1      | Reached XP level 2. HP: 19/19 MP: 6/10
   448 | D:1      | Found a faded altar of an unknown god.
   865 | D:1      | Reached XP level 3. HP: 19/25 MP: 6/11
  1194 | D:1      | Learned a level 2 spell: Blink
  1197 | D:1      | Learned a level 2 spell: Call Imp
  1226 | D:2      | Reached skill level 1 in Invocations
  1228 | D:2      | Slain by a gnoll

Illustrated notes

Levels and vault maps discovered:
D:1:      dpeg_arrival_simpleton_a, layout_basic,
          ebering_ecumenical_altar_ruins, chequers_hall_statues_corner_a,
          minmay_vboxes
D:2:      layout_basic, basic_altar, chequers_decorated_corner

Skill      XL: |  1  2  3 |
---------------+----------+-----
Conjurations   | 2 |  2.1
Summonings     | 2 |  2.1
Translocations | 2 |  2.1
Invocations    | 1 |  1.0
Fighting       | |  0.8
Short Blades   | |  0.8
Long Blades    | |  0.8
Axes           | |  0.8
Maces & Flails | |  0.8
Polearms       | |  0.8
Staves         | |  0.8
Ranged Weapons | |  0.8
Throwing       | |  0.8
Armour         | |  0.8
Dodging        | |  4.5
Stealth        | |  4.1
Shields        | |  0.8
Unarmed Combat | |  0.8
Spellcasting   | |  7.1
Hexes          | |  0.5
Necromancy     | |  0.5
Transmutations | |  0.5
Fire Magic     | |  0.5
Ice Magic      | |  0.5
Air Magic      | |  0.5
Earth Magic    | |  0.5
Poison Magic   | |  0.5
Evocations     | |  0.8

Action                   || total
-------------------------++-------
Melee: Dagger            ||    14
       Bite              ||     1
 Cast: Magic Dart        ||    46
 Stab: Sleeping          ||     1
Armor: Robe              ||     1
Dodge: Dodged            ||    25

Table legend: (Time is in decaauts)
 A = Elapsed time spent in this place.
 B = Non-inter-level travel time spent in this place.
 C = Inter-level travel time spent in this place.
 D = Time resting spent in this place.
 E = Time spent auto-exploring this place.
 F = Levels seen in this place.
 G = Mean time per level.
                   A        B        C        D        E       F      G
               +--------+--------+--------+--------+--------+-----+--------+
         Total |   1227 |   1203 |     24 |    261 |    805 |   2 |  613.5 |
       Dungeon |   1227 |   1203 |     24 |    261 |    805 |   2 |  613.5 |
               +--------+--------+--------+--------+--------+-----+--------+

Top non-repeatable levels by time:
     D:1: 1221 daAuts
     D:2: 5 daAuts
